 Dungeon Crawl Stone Soup version 0.12-a0-96-g68d2098 (console) character file.

188 vogonpoet the Vexing (level 4, -1/24 HPs)
             Began as a Kobold Enchanter on Aug 18, 2012.
             Killed from afar by an orc wizard (8 damage)
             ... with a magic dart
             ... on Level 2 of the Dungeon.
             The game lasted 00:09:15 (2433 turns).

vogonpoet the Vexing (Kobold Enchanter)             Turns: 2433, Time: 00:09:15

HP  -1/24        AC  3     Str  7      XL: 4   Next: 50%
MP   7/7         EV 15     Int 14      God:
Gold 116         SH  0     Dex 15      Spells:  2 memorised,  2 levels left

Res.Fire  : . . .   See Invis. : .   a - +1 dagger {=f}
Res.Cold  : . . .   Warding    : .   b - +1 robe
Life Prot.: . . .   Conserve   : .   (no shield)
Res.Poison: .       Res.Corr.  : .   (no helmet)
Res.Elec. : .       Clarity    : .   (no cloak)
Sust.Abil.: . .     Spirit.Shd : .   (no gloves)
Res.Mut.  : .       Stasis     : .   (no boots)
Res.Rott. : .       Ctrl.Telep.: .   (no amulet)
Saprovore : + + .   Levitation : .   (no ring) Ctrl.Flight: .
                                     (no ring)

@: slightly resistant to hostile enchantments, stealthy
A: disease resistance, carnivore 3, saprovore 2
a: no special abilities


You were on level 2 of the Dungeon.
You were very full.

You visited 1 branch of the dungeon, and saw 3 of its levels.

You collected 96 gold pieces.

Inventory:

Hand weapons
 a - a +1,+1 dagger (weapon) {=f}
 h - a +0,+0 sling
 q - a +2,+0 elven dagger
Missiles
 d - 29 darts (quivered)
Armour
 b - a +1 robe (worn)
Comestibles
 f - a meat ration
Scrolls
 e - 2 scrolls of enchant weapon II {unknown}
 g - 2 scrolls of remove curse {unknown}
 i - 2 scrolls of blinking {unknown}
 j - 2 scrolls of identify {unknown}
 k - a scroll of teleportation {unknown}
 m - 2 scrolls of noise {unknown}
 n - 3 scrolls of fog {unknown}
Potions
 o - a potion of brilliance {unknown}
 p - a potion of levitation {unknown}
 r - a potion of restore abilities {unknown}
 s - a potion of speed {unknown}
Books
 c - a book of Maledictions

   Spells                             Type                      Level
   *Corona                            Hexes                        1
   Sure Blade                         Hexes/Charms                 2
   *Ensorcelled Hibernation           Hexes/Ice                    2
   Confuse                            Hexes                        3
   Enslavement                        Hexes                        4
   Invisibility                       Hexes                        6


   Skills:
 - Level 1.3 Short Blades
 - Level 1.3 Throwing
 - Level 2.4 Dodging
 - Level 2.7 Stealth
 - Level 3.3 Stabbing
 - Level 1.0 Spellcasting
 + Level 4.0 Hexes
 - Level 1.0 Ice Magic


You had 2 spell levels left.
You knew the following spells:

 Your Spells              Type           Power        Failure   Level  Hunger
a - Corona                Hex            ###.....     6%          1    ##.....
b - Ensorcelled Hibernat  Hex/Ice        ##.....      17%         2    ###....


Dungeon Overview and Level Annotations

Branches:
Dungeon (3/27)

Altars:
Cheibriados
Nemelex Xobeh
Yredelemnul


Innate Abilities, Weirdness & Mutations

You recuperate from illness quickly.
You are small and have problems with some larger weapons.
You are carnivorous and can eat meat at any time.
You can eat rotten meat.


Message History

You climb upwards.
There is a stone staircase leading down here.
Things that are here:
a goblin skeleton; 16 stones; an uncursed sling; an uncursed dagger You closely miss it.
It barely misses you.
You hit it. It hits you.
* * * LOW HITPOINT WARNING * * *
You hit it but do no damage. It hits you.
* * * LOW HITPOINT WARNING * * *
You hit it. It hits you.
* * * LOW HITPOINT WARNING * * *
You closely miss it.
You hear some strange, mumbled words.
The magic dart hits you!
* * * LOW HITPOINT WARNING * * *
Drink which item? (? for menu, Esc to quit)
You feel better.
It was a potion of curing.
You hear some strange, mumbled words.
The magic dart hits you!
You die...

.###### ##### [.)...# #...#
######### .####.########...##
#.......# .##..............>#
#.#####.#
###...########..%####.###.#.#
....................#.##..#.#
#####.#######.##.##.#.##..#.#
####.## #.##.##.#.##..#.#
#.....# #.##@##.#.##..#.#
#.....######.##.##.......#.#
#....................###.#.#
#.....#####.###......###.#.###
#.....# #.#............#.#<#
#.....# #.#......#.###.#.#.#
#.....# #.#............#.#.#
#####.## #.#.##########.#.#.#
..# #.# #.#.#..........#.#.#


There were no monsters in sight!

Vanquished Creatures
  3 adders (D:2)
  An ooze (D:2)
  2 orcs (D:3)
  3 bats
  4 giant cockroaches
  6 hobgoblins
  2 jackals (D:2)
  A ball python (D:2)
  2 giant newts (D:1)
  6 goblins
  6 kobolds
  5 rats
41 creatures vanquished.

Vanquished Creatures (others)
  A toadstool (D:3)
1 creature vanquished.

Grand Total: 42 creatures vanquished

Notes
Turn   | Place    | Note
--------------------------------------------------------------
     0 | D:1      | vogonpoet, the Kobold Enchanter, began the quest for the Orb.
     0 | D:1      | Reached XP level 1. HP: 10/10 MP: 3/3
   258 | D:2      | Reached XP level 2. HP: 9/15 MP: 4/4
   264 | D:2      | Learned a level 2 spell: Ensorcelled Hibernation
   808 | D:1      | Reached XP level 3. HP: 11/19 MP: 0/5
  1451 | D:2      | Found a basalt altar of Yredelemnul.
  1775 | D:2      | Reached XP level 4. HP: 5/24 MP: 1/7
  1988 | D:2      | Reached skill level 1 in Ice Magic
  2176 | D:3      | Found a sparkling altar of Nemelex Xobeh.
  2212 | D:3      | Found a snail-covered altar of Cheibriados.
  2362 | D:3      | Reached skill level 4 in Hexes
  2432 | D:2      | HP: 1/24 [it/magic dart (3)]
  2433 | D:2      | Killed from afar by an orc wizard
